Map: Jagannatha LE

Players

Scarlett - Winner!

  • Race: Zerg Zerg

Astrea

  • Race: Protoss Protoss

Event: DreamHack SC2 Masters 2021 Fall

VOD

Have the link to the VOD?

Description

Time

  • Played on: Aug. 8, 2021, 3:24 p.m.
  • Length: 8:05

All games in this series

Show
View Real Time Build Order
Export as new Build Order

Scarlett Zerg - Winner!

Build Orders: Hatch First 

Get SALT Encoding   

  12  0:00  Drone  
  13  0:12  Overlord  
  13  0:17  Drone  
  14  0:30  Drone x2  
  16  0:43  Drone  
  17  0:51  Hatchery  
  17  0:54  Drone  
  17  0:58  Drone  
  18  1:09  Extractor  
  17  1:12  Spawning Pool  
  17  1:16  Drone  
  17  1:20  Drone  
  18  1:28  Drone  
  19  1:38  Drone  
  20  1:50  Overlord  
  20  1:58  Queen  
  22  2:02  Queen  
  22  2:03  Zergling x2  
  22  2:04  Zergling x2  
  26  2:11  Drone  
  26  2:12  Metabolic Boost  
  26  2:14  Drone  
  28  2:22  Drone  
  29  2:25  Drone  
  30  2:36  Hatchery  
  29  2:38  Drone  
  29  2:42  Drone x2  
  32  2:52  Queen  
  32  2:54  Overlord  
  34  3:00  Zergling x2  
  34  3:02  Drone  
  36  3:13  Drone x2  
  36  3:17  Drone x6  
  43  3:22  Overlord  
  43  3:26  Queen, Extractor  
  45  3:39  Overlord  
  45  3:40  Queen  
  47  3:41  Drone x3  
  47  3:47  Drone x2  
  47  3:48  Drone x2  
  54  3:50  Spore Crawler  
  54  3:55  Queen  
  55  4:00  Overlord  
  55  4:02  Drone  
  56  4:03  Drone  
  56  4:04  Drone  
  56  4:09  Overlord  
  57  4:15  Roach Warren  
  56  4:17  Extractor  
  56  4:18  Extractor  
  56  4:20  Drone x4  
  56  4:24  Drone, Overlord  
  58  4:28  Extractor, Zergling x2  
  58  4:35  Zergling x4  
  58  4:36  Drone x4  
  64  4:38  Overlord  
  64  4:44  Overlord  
  64  4:45  Spore Crawler  
  61  4:56  Roach x5  
  69  5:03  Drone x2  
  69  5:06  Spore Crawler  
  71  5:07  Roach  
  71  5:13  Roach x2  
  75  5:17  Roach x2  
  75  5:21  Ravager x3  
  82  5:22  Ravager  
  83  5:29  Roach  
  83  5:30  Zergling x2, Roach  
  88  5:39  Ravager  
  88  5:40  Zergling x2  
  88  5:41  Zergling x10  
  95  5:43  Overlord  
  95  5:46  Ravager  
  96  5:51  Ravager  
  96  5:52  Overlord  
  96  5:53  Zergling x2  
  97  6:02  Zergling x14  
  99  6:09  Zergling x10  
  93  6:16  Ravager x3  
  93  6:17  Zergling x4  
  98  6:20  Zergling x2  
  98  6:24  Zergling x2  
  98  6:25  Zergling x2  
  99  6:29  Zergling x2  
  99  6:31  Queen  
  99  6:32  Zergling x2  
  101  6:37  Zergling x2  
  98  6:41  Zergling x2  
  98  6:43  Zergling x2  
  98  6:46  Zergling x2  
  98  6:47  Queen  
  98  6:49  Ravager x2  
  98  6:51  Zergling x2  
  99  6:57  Roach x2  
  99  7:01  Lair  
  95  7:07  Zergling x6  
  96  7:13  Zergling x2  
  94  7:17  Zergling x2  
  94  7:26  Hatchery  
  94  7:29  Zergling x2  
  90  7:30  Zergling x6  
  93  7:38  Evolution Chamber  
  93  7:41  Zergling x6  
  94  7:46  Zergling x10  
  102  8:00  Ravager x2  
Show
View Real Time Build Order
Export as new Build Order

Astrea Protoss 

Build Orders: 1 Gate Expand, Oracle Opening 

Get SALT Encoding   

  12  0:00  Probe  
  13  0:12  Probe  
  14  0:19  Pylon  
  14  0:24  Probe  
  15  0:37  Probe (Chrono Boost)  
  15  0:41  Gateway  
  16  0:47  Probe (Chrono Boost)  
  16  0:49  Assimilator  
  17  0:52  Probe (Chrono Boost)  
  18  1:04  Probe  
  19  1:16  Probe  
  20  1:27  Nexus  
  20  1:32  Probe  
  21  1:41  Cybernetics Core  
  21  1:47  Assimilator  
  21  1:50  Probe  
  22  1:57  Pylon  
  22  2:02  Probe  
  23  2:14  Adept (Chrono Boost)  
  23  2:15  Probe (Chrono Boost)  
  26  2:23  Stargate  
  26  2:24  Probe (Chrono Boost)  
  26  2:29  Probe (Chrono Boost)  
  27  2:32  Warp Gate  
  28  2:37  Adept  
  31  2:45  Probe (Chrono Boost)  
  31  2:46  Probe (Chrono Boost)  
  32  2:54  Probe (Chrono Boost)  
  32  2:57  Probe (Chrono Boost)  
  34  2:59  Void Ray (Chrono Boost)  
  34  3:00  Probe  
  35  3:06  Probe  
  35  3:12  Probe  
  41  3:18  Probe  
  41  3:19  Adept  
  44  3:22  Pylon  
  44  3:24  Probe  
  45  3:30  Probe  
  45  3:33  Gateway  
  45  3:36  Probe  
  45  3:38  Oracle (Chrono Boost)  
  49  3:42  Probe  
  51  3:48  Probe  
  51  3:57  Probe  
  51  4:02  Pylon  
  52  4:08  Nexus, Probe  
  53  4:12  Probe  
  54  4:20  Probe  
  54  4:21  Assimilator  
  54  4:23  Assimilator  
  54  4:24  Pylon, Probe  
  56  4:32  Sentry x2, Probe  
  56  4:35  Forge  
  56  4:36  Twilight Council, Probe  
  62  4:45  Probe  
  63  4:48  Probe  
  64  4:57  Probe  
  64  4:58  Gateway x2  
  61  5:00  Probe  
  62  5:08  Sentry x2  
  62  5:09  Probe  
  62  5:11  Blink (Chrono Boost)  
  62  5:12  Probe  
  68  5:29  Photon Cannon  
  68  5:30  Shield Battery  
  68  5:31  Stalker  
  68  5:32  Photon Cannon, Stalker  
  68  5:34  Shield Battery  
  72  5:46  Pylon, Shield Battery  
  72  5:48  Photon Cannon  
  72  5:49  Shield Battery  
  72  5:53  Stalker x2  
  72  6:00  Stalker  
  72  6:01  Stalker  
  71  6:13  Photon Cannon  
  71  6:15  Shield Battery  
  71  6:16  Stalker x2  
  75  6:24  Cybernetics Core  
  75  6:25  Void Ray (Chrono Boost), Zealot x2  
  81  6:41  Zealot x2  
  76  6:58  Gateway  
  68  7:03  Stalker x2  
  66  7:12  Stalker x2  
  60  7:20  Gateway  
  58  7:36  Stalker x2  
  59  7:39  Pylon  
  53  7:54  Stalker  
  53  7:57  Stalker x2  

Tags
 
Add a new tag
Caveats
  • Supply blocks, unpowered buildings, or Contaminate may cause inaccurate times.
  • Supply counts are checked every 10 seconds.